 Dungeon Crawl Stone Soup version 0.27.1-37-g7b29ead8ac (console) character file.

Game seed: 11545254164566439919

1103 grimtooth the Changer (level 8, 0/38 HPs)
             Began as a Felid Transmuter on Nov 29, 2023.
             Was a Follower of Elyvilon.
             Hit by a javelin thrown by a centaur (9 damage)
             ... in a bailey on Nov 30, 2023.
             The game lasted 01:23:02 (12108 turns).

grimtooth the Changer (Felid Transmuter)           Turns: 12108, Time: 01:23:03

Health: 0/38       AC:  2    Str:  6    XL:     8   Next: 10%
Magic:  9/12       EV: 17    Int: 16    God:    Elyvilon [*.....]
Gold:   219        SH:  0    Dex: 17    Spells: 4/11 levels left
                                        Lives:  0   Deaths: 2

rFire    . . .     SeeInvis +     - Unarmed
rCold    . . .     Faith    .   (shield unavailable)
rNeg     . . .     Spirit   .   (armour unavailable)
rPois    .         Reflect  .   (helmet unavailable)
rElec    .         Harm     .   (cloak unavailable)
rCorr    .         Rampage  .   (gloves unavailable)
Will     +....                  (boots unavailable)
Stlth    +++.......             h - amulet of regeneration
HPRegen  1.12/turn              (no ring)
MPRegen  0.13/turn              (no ring)

@: appendages, hasted, very quick
A: horns 2, very small, claws 1, fangs 3, see invisible, speed 1, shaggy fur 2,
stealthy paws, no weapons or thrown items, no armour, multi-lived
a: End Transformation, Renounce Religion, Lesser Healing, Divine Protection


You were in a bailey.
You worshipped Elyvilon.
Elyvilon was aware of your devotion.
You had temporarily grown beastly horns.
You visited 2 branches of the dungeon, and saw 8 of its levels.
You also visited: Bailey.

You collected 219 gold pieces.

Inventory:

Jewellery
 h - an amulet of regeneration (around neck)
Wands
 d - a wand of digging (5)
 q - a wand of paralysis (4)
Scrolls
 a - a scroll of fear {unknown}
 e - 2 scrolls of noise {unknown}
 f - a scroll of enchant armour {unknown}
 l - a scroll of magic mapping {unknown}
 r - a scroll of acquirement {unknown}
Potions
 b - 2 potions of curing
 c - 3 potions of flight {unknown}
 g - 2 potions of lignification
 i - a potion of heal wounds {unknown}
 o - a potion of cancellation
 p - a potion of mutation {unknown}


   Skills:
 - Level 6.0 Fighting
 - Level 2.6 Dodging
 - Level 6.0 Stealth
 - Level 6.0 Unarmed Combat
 - Level 2.0 Spellcasting
 * Level 4.8 Summonings
 - Level 6.0 Transmutations
 - Level 4.0 Poison Magic
 + Level 0.0 Invocations


You had 4 spell levels left.
You knew the following spells:

 Your Spells              Type           Power      Damage    Failure   Level
B - Beastly Appendage     Tmut           40%        N/A       1%          1
N - Call Canine Familiar  Summ           17%        N/A       9%          3
S - Spider Form           Tmut/Pois      8%         N/A       8%          3

Your spell library contained the following spells:

 Spells                   Type           Power      Damage    Failure   Level
 Summon Small Mammal      Summ           68%        N/A       2%          1
 Wereblood                Tmut           20%        N/A       2%          2
 Summon Guardian Golem    Hex/Summ       9%         N/A       22%         3
 Gell's Gravitas          Tloc           0%         N/A       52%         3
 Inner Flame              Hex/Fire       1%         N/A       52%         3
 Lesser Beckoning         Tloc           0%         N/A       52%         3
 Teleport Other           Tloc           1%         N/A       52%         3
 Ice Form                 Ice/Tmut       11%        N/A       52%         4
 Cause Fear               Hex            0%         N/A       90%         4
 Borgnjor's Vile Clutch   Necr/Erth      0%         N/A       99%         5
 Manifold Assault         Tloc           1%         N/A       99%         5
 Statue Form              Tmut/Erth      7%         N/A       100%        6
 Discord                  Hex            0%         N/A       100%        8


Dungeon Overview and Level Annotations

Branches:
Dungeon (7/15)             Temple (1/1) D:6          Bailey (1/1)

Altars:
Dithmenos
Elyvilon
Fedhas
Gozag
Kikubaaqudgha
Makhleb
Qazlal
Sif Muna
Trog
Vehumet
Wu Jian
Yredelemnul

Shops:
D:4 (=*:*   D:6 [   D:7 (

Annotations:
D:4 exclusion: lemure
D:5 3 runed translucent doors, exclusion: door, cbfl8's ghost, amateur TeDe
D:6 exclusions: ice beast and two-headed ogre
D:7 exclusion: 2 wights


Innate Abilities, Weirdness & Mutations

You have temporarily grown beastly horns.
You have sharp claws.
You have razor-sharp teeth.
You have supernaturally acute eyesight. (SInv)
You cover ground quickly. (Speed+)
You are covered in thick fur. (AC +2)
Your paws help you pounce on unaware monsters.
You are incapable of wielding weapons or throwing items.
You cannot wear armour.
You gain extra lives every three experience levels.


Message History

Magic restored.
Casting: Spider Form (dangerous; 8% risk of failure)
Confirm with . or Enter, or press ? or * to list all spells.
You miscast Spider Form.
You are very lightly contaminated with residual magic.
Nothing appears to happen.
You start resting.
Your magical contamination has completely faded away.
You start resting.
Magic restored.
Casting: Spider Form (dangerous; 8% risk of failure)
Confirm with . or Enter, or press ? or * to list all spells.
You turn into a venomous arachnid creature.
The centaur shouts!
You feel yourself speed up. The centaur closely misses you.
The centaur throws a javelin.
The javelin pierces through you!
Enter note: - i am so hosed The centaur shouts!
You hear a shout! x2
The centaur throws a javelin.
The javelin pierces through you.
The centaur throws a javelin.
The javelin pierces through you!
* * * LOW HITPOINT WARNING * * *
There is a fountain of clear blue water here.
An orc comes into view. It is wielding a +0 halberd.
The centaur throws a javelin.
The javelin pierces through you!
* * * LOW HITPOINT WARNING * * *
The centaur throws a javelin.
The javelin barely misses you.
An orc warrior comes into view. It is wielding a +0 trident.
Casting: Spider Form (quite dangerous; 21% risk of failure)
Confirm with . or Enter, or press ? or * to list all spells.
Your transformation has ended.
You grow a pair of large bovine horns.
The centaur throws a javelin.
The javelin misses you.
The centaur throws a javelin.
The javelin closely misses you.
A centaur comes into view. It is wielding a +0 trident.
The centaur shouts!
The orc warrior closely misses you. The orc misses you.
The orc warrior closely misses you.
A centaur comes into view. It is wielding a +0 spear.
The centaur throws a javelin.
The javelin pierces through you!
You die...

.#≈≈≈≈.≈......
.#≈≈≈.≈≈.⌠.....
.#≈≈≈c≈.........
.#≈≈.≈≈....≈≈≈≈≈≈≈....≈≈
.#####...≈≈≈≈≈≈≈≈≈≈≈.c.≈
.'..[...≈≈≈≈≈≈≈≈≈≈≈≈≈..≈
.'......≈≈≈≈≈:?=≈≈≈≈≈..c
.)......≈≈≈≈≈≈≈≈≈≈≈≈≈..≈
.#####...≈≈≈≈≈≈≈≈≈≈≈...≈
[#≈≈.≈≈....≈≈≈≈≈≈≈....≈≈
.#≈≈≈.≈.........@.....≈.
.#≈≈≈.≈≈.⌠....oo...⌠.≈≈.
.#≈≈≈≈c≈.............≈.≈
.#≈≈≈≈.≈≈≈.........≈≈≈.≈
.#≈≈≈≈≈..≈≈≈.....≈≈≈..≈≈
.#≈≈≈≈≈≈≈.c≈≈≈≈≈≈≈..≈≈≈≈
###≈≈≈≈≈≈≈≈..o....≈≈≈≈≈≈
# ##≈≈≈≈≈≈≈≈≈≈≈≈≈≈≈≈≈≈≈≈
##≈≈≈≈≈≈≈≈≈≈≈≈≈≈≈


You could see 2 orc warriors, 3 centaurs and an orc.

Vanquished Creatures
  A black bear (D:6)
  4 orc warriors (Bailey)
  3 ogres
  3 centaurs
  A phantom (D:6)
  2 kobold brigands (D:7)
  A wyvern zombie (D:7)
  6 scorpions
  A bullfrog zombie (D:6)
  A jelly (D:5)
  2 hounds
  2 centaur skeletons
  4 iguanas
  3 orc wizards
  2 hound skeletons (D:5)
  7 gnolls (D:7)
  6 adders
  An ufetubus (D:7)
  2 worms
  5 dart slugs
  34 orcs
  4 endoplasms
  7 goblins
  6 hobgoblins
  15 kobolds
  A quokka (D:4)
  5 ball pythons
  6 bats
  3 frilled lizards
  6 rats
144 creatures vanquished.

Vanquished Creatures (collateral kills)
  3 orc warriors (Bailey)
3 creatures vanquished.

Vanquished Creatures (others)
  A human (D:6)
1 creature vanquished.

Grand Total: 148 creatures vanquished

Notes
Turn   | Place    | Note
-------+----------+-------------------------------------------
     0 | D:1      | grimtooth the Felid Transmuter began the quest for the Orb.
     0 | D:1      | Reached XP level 1. HP: 9/9 MP: 4/4
   729 | D:1      | Reached XP level 2. HP: 12/12 MP: 4/6
  2145 | D:2      | Reached XP level 3. HP: 15/15 MP: 7/7
  2416 | D:2      | Found a faded altar of an unknown god.
  4433 | D:3      | Learned a level 3 spell: Spider Form
  4479 | D:4      | Noticed a lemure
  4765 | D:4      | Found a bloodstained altar of Trog.
  4769 | D:4      | Found a stormy altar of Qazlal.
  4786 | D:4      | Found Conwatew's Antique Weapon Shop.
  4790 | D:4      | Found Iptu's Book Shop.
  4790 | D:4      | Found Kuconacu's Jewellery Shop.
  4790 | D:4      | Found Nahisuv's Assorted Antiques.
  4891 | D:4      | Noticed an ogre
  4933 | D:4      | Reached skill level 5 in Transmutations
  4933 | D:4      | Reached XP level 4. HP: 10/19 MP: 8/8
  5410 | D:5      | Entered Level 5 of the Dungeon
  5468 | D:4      | Reached skill level 1 in Poison Magic
  5631 | D:5      | Noticed an ogre
  5839 | D:4      | Reached XP level 5. HP: 17/22 MP: 9/9
  6061 | D:5      | Killed an ogre
  6083 | D:5      | Gained mutation: You are covered in thick fur. (AC +2)
                  | [Felid growth]
  6083 | D:5      | Reached XP level 6. HP: 25/25 MP: 5/10
  6145 | D:5      | Reached skill level 1 in Stealth
  6533 | D:5      | Found a runed translucent gate.
  6534 | D:5      | Found a runed translucent gate.
  6535 | D:5      | Found a runed translucent gate.
  6536 | D:5      | Found an opulent altar of Gozag.
  6572 | D:5      | Noticed cbfl8's ghost (amateur TeDe)
  7347 | D:4      | Found Kygeagah's General Store.
  7376 | D:4      | HP: 1/25 [ogre (24)]
  7389 | D:4      | Reached XP level 7. HP: 15/28 MP: 8/11
  7618 | D:6      | Found Minelam's Armour Shop.
  7711 | D:6      | Reached skill level 5 in Unarmed Combat
  8028 | D:6      | Found a staircase to the Ecumenical Temple.
  8033 | Temple   | Entered the Ecumenical Temple
  8110 | Temple   | Became a worshipper of Elyvilon the Healer
  8280 | D:6      | Noticed a shadow
  8337 | D:6      | Found an ancient bone altar of Kikubaaqudgha.
  8351 | D:6      | Noticed a human
  8354 | D:6      | Killed a human
  8485 | D:6      | Reached XP level 8. HP: 30/33 MP: 12/12
  8557 | D:6      | Noticed a two-headed ogre
  8582 | D:6      | Got the Guide on Dusty Orientation
  8653 | D:7      | - thanks teleport traps
  8696 | D:7      | Learned a level 3 spell: Call Canine Familiar
  8885 | D:7      | Reached skill level 1 in Summonings
  8947 | D:7      | Found Fulovoc's Weapon Shoppe.
  8947 | D:7      | Noticed a two-headed ogre
  9176 | D:7      | Reached skill level 5 in Stealth
  9186 | D:7      | Reached * piety under Elyvilon
  9354 | D:7      | Found a flagged portal.
  9422 | Bailey   | Entered a bailey
  9423 | Bailey   | - this is probably the worst one for me
  9466 | Bailey   | - yes i'm in trouble now
  9473 | Bailey   | Slain by an orc warrior
  9474 | Bailey   | Reached XP level 7. HP: -1/33 MP: 11/11
  9474 | Bailey   | - i guess this is good
  9614 | Bailey   | Slain by an orc warrior
  9615 | Bailey   | Reached XP level 6. HP: -2/30 MP: 6/10
  9615 | Bailey   | - so the thing where your summon refuses your command
                  | really grates me
  9692 | Bailey   | - and we get the fresh one
  9724 | Bailey   | Killed an orc warrior
  9725 | Bailey   | Reached skill level 5 in Fighting
  9725 | Bailey   | Reached XP level 7. HP: 29/33 MP: 2/11
 10985 | Bailey   | - note to self: dont summon next to barriers
 11048 | Bailey   | Reached XP level 8. HP: 21/38 MP: 4/12
 11678 | Bailey   | - evidently there is no way to get these guys to move
 11823 | Bailey   | - this is really not paying off
 12100 | Bailey   | - i am so hosed
 12108 | Bailey   | Hit by a javelin thrown by a centaur

Illustrated notes #.########.## #....s./..... ###..O....... #.....(.... #.......... ##...... #........!. ........ #..c....... ##...... #.......... #......) #.......... #....... #....... #....... #......< Turn 8653 on D:7: - thanks teleport traps ...≈≈≈≈≈≈≈≈≈.o. ..≈≈.......≈≈≈. ....≈≈≈≈≈≈≈..≈≈ o.≈≈≈.....≈≈≈.≈ .≈≈..≈≈≈≈≈..≈≈o ≈≈.≈≈≈...≈≈≈.≈. ≈.≈≈..⌠.⌠..≈.≈≈ ≈.....∩@∩..≈..c ≈.≈≈..⌠.⌠..≈.≈≈ ≈≈.≈≈≈...≈≈≈.≈. .≈≈..≈≈≈≈≈..≈≈. ..≈≈≈.....≈≈≈.≈ ....≈≈≈≈≈≈≈..≈≈ ..≈≈.....o.≈≈≈. ...≈≈≈≈≈≈≈≈≈... Turn 9423 on Bailey: - this is probably the worst one for me ......# #....# ≈≈≈≈≈≈≈≈≈o.. #...# ≈.......≈≈≈o #...# ≈≈.≈...... .≈≈≈≈≈≈≈..≈≈ #...# ≈.≈≈.⌠..... ≈≈.....≈≈≈.≈ #⌠o.# ≈c≈......... ..≈≈≈≈≈..≈≈. ##).# ≈≈....≈≈≈≈≈ ≈≈≈...≈≈≈.≈. #o.#####...≈≈≈≈≈≈≈ ≈..⌠.⌠..≈.≈≈ #oo+......≈≈≈≈≈≈≈≈ ...∩∩∩..≈c.o #..+......≈≈≈≈≈:?= ≈..⌠.⌠..≈.≈≈ #s.+......≈≈≈≈≈≈≈≈ ≈≈≈...≈≈≈.≈. #..#####...≈≈≈≈≈≈≈ ..≈≈≈≈≈..≈≈. #).#≈≈.≈≈....≈≈≈≈≈ ≈≈.....≈≈≈.≈ #⌠..#≈≈≈c≈......... c≈≈≈≈≈≈≈..≈≈ #...#≈≈≈.≈≈.⌠...... ≈...o...≈≈≈. #...#≈≈≈≈.≈........ ≈≈≈≈≈≈≈≈≈... #...#≈≈≈≈.≈≈≈...... .........# ....#≈≈≈≈≈.c≈≈≈.... .....#≈≈≈≈≈≈≈..≈≈≈≈≈ ....###≈≈≈≈≈≈≈≈.co.. Turn 9466 on Bailey: - yes i'm in trouble now ################## ##≈≈≈≈≈≈≈≈≈≈≈≈≈≈≈≈≈# ##...................## #......@..............## ####+########## ......# #....# #≈...≈≈≈≈≈≈≈≈≈o.. #...# ##≈..≈≈.......≈≈≈o #...# ##≈≈....≈≈≈≈≈≈≈..≈≈ #...# ##≈≈...≈≈≈.....≈≈≈.≈ #⌠..# #≈≈⌠..≈≈..≈≈≈≈≈..≈≈. ##).# #≈≈$.≈≈.≈≈≈...≈≈≈.≈. #..# #≈$..≈.≈≈..⌠.⌠..≈.≈≈ #..+ #≈$$o≈.....∩∩∩..≈c.o #..+ Turn 9474 on Bailey: - i guess this is good ################### ##≈≈≈≈≈≈≈≈≈≈≈≈≈≈≈≈≈## ##...........).......## #.........)..@........## ####+##########⌠.......# #####....# #≈...≈≈≈≈≈≈≈≈≈o.. ##)..# ##≈..≈≈.......≈≈≈o #...# ≈≈.≈ ##≈≈....≈≈≈≈≈≈≈..≈≈ #†..# ≈.≈≈ ##≈≈...≈≈≈.....≈≈≈.≈ #⌠..# ≈c≈. #≈≈⌠..≈≈..≈≈≈≈≈..≈≈. ##o.# ≈≈. #≈≈$.≈≈.≈≈≈...≈≈≈.≈. #..#####.. #≈$..≈.≈≈..⌠.⌠..≈.≈≈ #..+...... #≈$$o≈.....∩∩∩..≈c.o #oh+...... Turn 9615 on Bailey: - so the thing where your summon refuses your command really grates me ################### ##≈≈≈≈≈≈≈≈≈≈≈≈≈≈≈≈≈## ##..........)).......## #.........).....@h....## ####+##########⌠.......# ... #####o...# #≈...≈≈≈≈≈≈≈≈≈o.. ##)..# #≈..≈≈o......≈≈≈o #...# ≈≈.≈... ≈≈....≈≈≈≈≈≈≈..≈≈ #†..# ≈.≈≈.⌠. ≈c..≈≈≈.....≈≈≈.≈ #⌠..# ≈c≈.... ⌠..≈≈..≈≈≈≈≈..≈≈. ##o.# ≈≈.... $.≈≈.≈≈≈...≈≈≈.≈. #..#####...≈≈ ..≈.≈≈..⌠.⌠..≈.≈≈ #..+......≈≈≈ $o≈.....∩∩∩..≈c.o #oh+......≈≈≈ Turn 9692 on Bailey: - and we get the fresh one

#'##########⌠.......#
........o.)#####....#
..≈≈≈≈≈≈≈≈≈....##o..# .≈≈≈...
.≈≈.......≈≈≈.⌠.#...# ≈≈.≈.o....
...≈≈≈≈≈≈≈..≈≈..#...# ≈.≈≈.⌠....
.≈≈≈.....≈≈≈.≈≈.#⌠§.# ≈c≈.......
≈≈..≈≈≈≈≈.)≈≈.≈.##[.# ≈≈....≈≈≈
≈.≈≈≈...≈≈≈.≈.≈≈)#[.#####o..≈≈≈≈≈
.≈≈..⌠.⌠..≈.≈≈.≈.#..'..)...≈≈≈≈≈≈
.....∩∩∩..≈....≈.#..'......≈≈≈≈≈:
.≈≈..⌠.⌠..≈.≈≈.≈@#o.'......≈≈≈≈≈≈
≈.≈≈≈...≈≈≈.≈.≈≈.#..#####...≈≈≈≈≈
≈≈..≈≈≈≈≈..≈≈.≈.##[.#≈≈.≈≈....≈≈≈
.≈≈≈.....≈≈≈h≈≈.#⌠..#≈≈≈c≈.......
...≈≈≈≈≈≈≈..≈≈..#...#≈≈≈.≈≈.⌠....
.≈≈.......≈≈≈o⌠.#...#≈≈≈≈c≈......
..≈≈≈≈≈≈≈≈≈.o..##...#≈≈≈≈.≈≈≈....
......[....#####....#≈≈≈≈≈.c≈≈≈..
#'##########⌠.......#≈≈≈≈≈≈≈..≈≈≈
..[..o.h[o.........###≈≈≈≈≈≈≈≈.co
....[.......o.....##


Turn 10985 on Bailey: - note to self: dont summon next to barriers
[[.[...........## ########⌠.......#≈≈≈≈≈≈≈..≈≈≈ ......)#####....#≈≈≈≈≈..≈≈≈..
≈≈≈≈≈≈≈....##[[.#≈≈≈≈.≈≈≈.... ......≈≈≈.⌠.#...#≈≈≈≈.≈......
≈≈≈≈≈≈..≈≈..#...#≈≈≈.≈≈.⌠..... .....≈≈≈.≈≈.#⌠..#≈≈≈c≈.........
≈≈≈≈≈.)≈≈.≈.##[.#≈≈c≈≈....≈≈≈≈≈ ≈...≈≈≈.≈.≈≈)#[.#####...≈≈≈≈≈≈≈
.⌠.⌠..≈.≈≈.≈.#..'..[...≈≈≈≈≈≈≈≈ .∩∩∩..≈....≈.#..@......≈≈≈≈≈:?=
.⌠.⌠..≈.≈≈.≈.#..'......≈≈≈≈≈≈≈≈ ≈...≈≈≈.≈.≈≈.#..#####...≈≈≈≈≈≈≈
≈≈≈≈≈..≈≈.≈.##[[#≈≈c≈≈....≈≈≈≈≈ .....≈≈≈.≈≈.#⌠..#≈≈≈c≈.........
≈≈≈≈≈≈..≈≈..#...#≈≈≈o≈≈.⌠...... ......≈≈≈.⌠.#...#≈≈≈≈o≈........
≈≈≈≈≈≈≈....##...#≈≈≈≈.≈≈≈...... ..[....#####....#≈≈≈≈≈..≈≈≈....
########⌠.......#≈≈≈≈≈≈≈..≈≈≈≈≈ ....[..........###≈≈≈≈≈≈≈≈.co.. Turn 11678 on
Bailey: - evidently there is no way to get these guys to move [.[[.......##
[...........## #####⌠.......#≈≈≈≈≈≈≈..≈≈≈ ...)#####....#≈≈≈≈≈..≈≈≈..
≈≈≈≈....##[[.#≈≈≈≈c≈≈≈.... ...≈≈≈.⌠.#...#≈≈≈≈.≈......
≈≈≈..≈≈..#...#≈≈≈.≈≈.⌠..... ..≈≈≈.≈≈.#⌠..#≈≈≈c§.........
≈≈.)≈≈.≈.##[.#≈≈c≈≈....≈≈≈≈≈ .≈≈≈.≈.≈≈)#[.#####...≈≈≈≈≈≈≈
⌠..≈.≈≈.≈.#..'..@...≈≈≈≈≈≈≈≈ ∩..≈....≈.#..'......≈≈≈≈≈:?=
⌠..≈.≈≈.≈.#..'......≈≈≈≈≈≈≈≈ .≈≈≈.≈.≈≈.#..#####...≈≈≈≈≈≈≈
≈≈..≈≈.≈.##[[#≈≈c≈≈....≈≈≈≈≈ ..≈≈≈.≈≈.#⌠..#≈≈≈c≈.........
≈≈≈..≈≈..#...#≈≈≈o≈≈.⌠...... ...≈≈≈.⌠.#...#≈≈≈≈.≈........
≈≈≈≈....##...#≈≈≈≈.≈≈≈...... ....#####....#≈≈≈≈≈..≈≈≈....
#####⌠.......#≈≈≈≈≈≈≈..≈≈≈≈≈ Turn 11823 on Bailey: - this is really not paying
off .≈≈..#...#≈≈≈.≈≈.⌠..... ≈.≈≈.#⌠..#≈≈≈c≈......... ≈≈.≈.##[.#≈≈.≈≈....≈≈≈≈≈
.≈.≈≈)#[.#####...≈≈≈≈≈≈≈ .≈≈.≈.#..'..[...≈≈≈≈≈≈≈≈ ....≈.#..'......≈≈≈≈≈:?=
.≈≈.≈.#..)......≈≈≈≈≈≈≈≈ .≈.≈≈.#..#####...≈≈≈≈≈≈≈ ≈≈.≈.##[[#≈≈.≈≈....≈≈≈≈≈
≈.≈≈.#⌠..#≈≈≈.≈......... .≈≈..#...#≈≈≈.≈≈s⌠...... ≈≈.⌠.#...#≈≈≈≈c≈........
....##...#≈≈≈≈.≈≈≈...... #####....#≈≈≈≈≈..≈≈≈.... #⌠.......#≈≈≈≈≈≈≈..≈≈≈≈≈
........###≈≈≈≈≈≈≈≈c.o.. .......## ##≈≈≈≈≈≈≈≈≈≈≈≈ ≈≈≈≈≈≈## ##≈≈≈≈≈≈≈≈≈≈≈ #######
Turn 12100 on Bailey: - i am so hosed

Levels and vault maps discovered:
D:1:      dpeg_arrival_rooms_a, layout_loops_corners, serial_park_tiny_pond,
          serial_bayou_lagoon_a
D:2:      layout_basic, hellmonk_ecumenical_altar_run_dry
D:3:      minmay_wonky_spiral, layout_loops_corners, corexii_shack
D:4:      layout_gridville, grunt_temple_overflow_open, serial_shops, shop,
          minmay_shop_grid_forest, uniq_pikel
D:5:      layout_gridville, ebering_ghost_gozag
D:6:      layout_rooms, tgw_kikubaaqudgha, minmay_temple_entry_glassed_door,
          serial_shops, nicolae_take_the_stairs, hangedman_decor_slide_cut,
          minmay_manual_mail
D:7:      layout_basic, serial_shops, shop, lightli_bailey_entry_fortress
Temple:   dpeg_five_rooms_temple
Bailey:   bailey_polearm_flooded_kennysheep, bailey

Skill      XL: |  1  2  3  4  5  6  7  8 |
---------------+-------------------------+-----
Transmutations | 3 5 6 |  6.0
Poison Magic   | 1 3 4 |  4.0
Stealth        | 3 6 5 |  6.0
Unarmed Combat | 4 6 |  6.0
Fighting       | 5 2 6 |  6.0
Summonings     | 4 3 |  4.8
Dodging        | |  2.6
Spellcasting   | |  2.0

Action                   |  1- 3 |  4- 6 |  7- 9 || total
-------------------------+-------+-------+-------++-------
Melee: Unarmed           |   143 |    93 |   253 ||   489
       Headbutt          |    18 |    10 |    12 ||    40
       Bite              |    11 |     4 |     3 ||    18
       Punch             |     4 |     1 |     2 ||     7
 Cast: Beastly Appendage |    42 |    16 |    14 ||    72
       Spider Form       |       |    11 |    41 ||    52
       Call Canine Famil |       |     2 |    16 ||    18
 Abil: End Transformatio |       |       |     1 ||     1
Evoke: Wand              |       |     7 |    14 ||    21
  Use: Scroll            |       |     5 |     3 ||     8
       Potion            |       |     1 |     4 ||     5
 Stab: Sleeping          |     4 |     3 |     7 ||    14
       Paralysed         |       |     7 |       ||     7
       Invisible         |       |       |     5 ||     5
       Distracted        |       |       |     1 ||     1
Armor: Skin              |     5 |     3 |    16 ||    24
Dodge: Dodged            |    86 |    64 |   292 ||   442
